Map: Deathaura LE

Players

AqueroN

  • Race: Terran Terran
  • League: Grandmaster
  • Spawn Location: 11:00

SortOf - Winner!

  • Race: Zerg Zerg
  • League: Grandmaster
  • Spawn Location: 5:00

Event: DreamHack SC2 Masters 2020 Fall

VOD

Have the link to the VOD?

Description

Time

  • Played on: Aug. 29, 2020, 11:47 a.m.
  • Length: 11:29

All games in this series

Show
View Real Time Build Order
Export as new Build Order

AqueroN Terran 

Build Orders: Reaper Expand, Hellion Banshee 

Get SALT Encoding   

  12  0:00  SCV  
  13  0:12  SCV  
  14  0:17  Supply Depot  
  14  0:24  SCV  
  15  0:38  SCV  
  15  0:39  Barracks  
  16  0:45  Refinery  
  16  0:50  SCV  
  17  1:02  SCV  
  18  1:14  SCV  
  19  1:27  Orbital Command, Reaper  
  20  1:39  Command Center  
  20  1:49  Supply Depot  
  20  1:54  SCV  
  20  1:58  Marine  
  22  2:06  SCV  
  23  2:13  Factory  
  23  2:18  SCV  
  23  2:21  Barracks Reactor  
  23  2:22  Refinery  
  24  2:30  SCV  
  25  2:43  SCV  
  26  2:51  Orbital Command  
  26  2:55  SCV  
  27  2:58  Starport  
  27  3:05  Hellion x2  
  31  3:07  SCV  
  31  3:08  Barracks Tech Lab  
  32  3:13  Supply Depot  
  32  3:18  SCV  
  32  3:19  SCV  
  34  3:26  Hellion x2  
  38  3:30  SCV  
  38  3:31  SCV  
  40  3:42  SCV  
  40  3:43  SCV  
  40  3:44  Banshee, Cloaking Field  
  45  3:50  Hellion  
  45  3:51  Hellion  
  45  3:54  SCV  
  45  3:55  SCV  
  50  3:59  Supply Depot  
  50  4:01  Supply Depot  
  50  4:06  SCV  
  50  4:07  Barracks Tech Lab, SCV  
  52  4:18  Command Center  
  52  4:19  SCV x2  
  52  4:32  Banshee  
  52  4:34  SCV x2  
  57  4:39  Bunker  
  57  4:40  Bunker  
  57  4:46  SCV x2  
  57  4:48  Marine x2  
  57  4:49  Siege Tank  
  64  4:53  Barracks x2  
  64  4:59  SCV x2  
  66  5:03  Engineering Bay x2  
  66  5:08  Marine x2  
  66  5:11  SCV x2  
  70  5:16  Supply Depot  
  70  5:18  Refinery, Supply Depot  
  70  5:24  Supply Depot  
  70  5:30  Terran Infantry Armor Level 1, Terran Infantry Weapons Level 1, Marine x2  
  70  5:33  Orbital Command  
  72  5:36  Starport Reactor  
  72  5:38  Siege Tank  
  72  5:42  Barracks Reactor  
  75  5:50  Barracks  
  75  5:52  Barracks, Marine x3  
  75  5:54  SCV x2  
  80  6:08  Orbital Command, Combat Shield  
  80  6:10  Siege Tank, Marine x3  
  86  6:13  SCV x2  
  86  6:14  Refinery  
  88  6:18  Marine x2  
  90  6:28  Medivac, Marine x3  
  90  6:32  SCV x2  
  97  6:33  SCV  
  97  6:36  Marine x2  
  97  6:39  Armory  
  100  6:40  Supply Depot  
  100  6:43  Refinery  
  100  6:44  SCV x2  
  100  6:45  SCV  
  100  6:46  Supply Depot  
  103  6:47  Supply Depot  
  103  6:48  Supply Depot  
  103  6:51  Marine x2, Barracks Reactor x2  
  103  6:52  Marine  
  106  6:56  SCV x2  
  106  6:58  SCV  
  106  6:59  Supply Depot  
  109  7:01  Medivac  
  109  7:04  Marine x2  
  109  7:08  SCV  
  114  7:11  Siege Tank  
  114  7:12  Marine x3  
  120  7:22  Marine x2  
  112  7:27  Marine x4  
  112  7:28  Terran Infantry Weapons Level 2  
  112  7:29  Marine  
  113  7:30  Marine  
  113  7:32  Barracks  
  113  7:35  Barracks, Marine  
  113  7:36  Barracks  
  118  7:39  Marine  
  118  7:40  Marine  
  122  7:45  Refinery, Marine x2  
  122  7:46  Terran Infantry Armor Level 2  
  122  7:48  Marine x4  
  124  7:53  Marine  
  124  7:54  Siege Tank  
  124  7:57  Marine x2  
  130  8:01  Medivac  
  130  8:03  Marine  
  133  8:07  Marine x2  
  133  8:08  Stimpack, Marine x2  
  133  8:09  Marine  
  133  8:11  Marine  
  139  8:17  Medivac  
  139  8:18  SCV x3  
  144  8:25  Supply Depot, Marine x2  
  146  8:27  Supply Depot  
  146  8:28  Marine x7  
  146  8:34  Marine x2  
  153  8:35  Medivac  
  157  8:44  Supply Depot  
  157  8:46  Siege Tank, Marine x5  
  165  8:50  Medivac, Marine x3  
  165  8:51  Marine  
  168  8:56  Marine x3  
  171  9:04  Marine x5  
  171  9:05  Medivac, Supply Depot  
  171  9:08  Marine x3  
  181  9:10  Marine  
  181  9:14  Marine x2  
  181  9:16  Supply Depot  
  184  9:18  Siege Tank  
  184  9:24  Marine  
  187  9:25  Marine  
  187  9:27  Marine x5  
  191  9:32  Marine x4  
  191  9:33  Marine  
  177  9:41  Marine  
  177  9:43  Marine  
  177  9:45  Marine x5  
  170  9:49  Marine  
  170  9:50  Marine x3  
  170  9:51  Marine  
  171  9:59  Marine  
  163  10:01  Marine  
  163  10:02  Marine x5  
  140  10:07  Marine x3  
  140  10:08  Marine  
  140  10:09  Marine  
  143  10:17  Marine  
  143  10:19  Marine  
  143  10:20  Marine x2  
  147  10:22  Marine x2  
  148  10:31  Marine  
  148  10:32  Marine x3  
  148  10:33  Marine x2  
  148  10:35  Siege Tank, Marine  
  146  10:37  Marine  
  146  10:38  Marine x2  
  146  10:39  Marine x2  
  154  10:49  Marine x2  
  155  10:50  Marine x3  
  155  10:51  Marine  
  155  10:53  Marine  
  155  10:54  Marine  
  162  10:57  Marine  
  162  10:58  Marine  
  162  11:01  Marine  
  162  11:03  Marine  
  153  11:07  Marine x2  
  153  11:08  Marine x4  
Show
View Real Time Build Order
Export as new Build Order

SortOf Zerg - Winner!

Build Orders: Hatch First, Muta Ling Bane 

Get SALT Encoding   

  12  0:00  Drone  
  13  0:13  Overlord  
  13  0:16  Drone  
  14  0:32  Drone x2  
  16  0:48  Hatchery  
  15  0:51  Drone  
  15  0:54  Drone  
  17  0:58  Drone  
  18  1:09  Extractor  
  17  1:13  Spawning Pool  
  17  1:16  Drone  
  17  1:20  Drone  
  18  1:29  Drone  
  19  1:39  Drone  
  20  1:52  Overlord  
  20  2:00  Queen x2  
  20  2:01  Zergling x4  
  26  2:10  Drone  
  26  2:11  Drone  
  28  2:21  Drone, Metabolic Boost  
  28  2:22  Drone  
  30  2:33  Overlord  
  30  2:35  Queen  
  32  2:38  Drone  
  32  2:43  Overlord  
  33  2:44  Drone  
  34  2:54  Drone x2  
  36  3:03  Roach Warren  
  36  3:05  Drone x2  
  37  3:10  Drone x4  
  41  3:13  Drone  
  41  3:14  Drone  
  43  3:22  Drone x2  
  45  3:31  Hatchery  
  44  3:35  Overlord  
  44  3:37  Extractor  
  43  3:43  Roach x3  
  43  3:46  Roach  
  51  3:50  Overlord  
  51  3:54  Roach  
  53  3:55  Roach  
  53  3:56  Drone  
  53  4:00  Queen  
  58  4:03  Drone  
  59  4:10  Drone  
  59  4:14  Zergling x8  
  59  4:15  Drone  
  65  4:28  Overlord  
  65  4:29  Drone x3  
  68  4:32  Spore Crawler  
  68  4:33  Drone  
  68  4:36  Drone, Evolution Chamber x2  
  67  4:42  Drone  
  67  4:43  Drone  
  67  4:44  Lair  
  69  4:51  Drone x4  
  73  4:54  Drone, Spore Crawler  
  73  5:00  Drone x2, Spore Crawler  
  73  5:04  Drone x3  
  75  5:12  Queen  
  75  5:13  Drone  
  75  5:14  Drone, Overlord  
  74  5:22  Drone x2  
  74  5:26  Zerg Ground Armor Level 1, Zerg Melee Weapons Level 1  
  74  5:28  Drone x4  
  80  5:31  Overlord  
  80  5:32  Drone  
  80  5:34  Extractor  
  80  5:35  Drone x2, Extractor  
  81  5:38  Drone  
  81  5:41  Extractor  
  81  5:45  Baneling Nest  
  81  5:46  Drone x2, Glial Reconstitution  
  81  5:47  Drone x2  
  81  5:49  Drone  
  85  5:51  Drone x3  
  85  5:53  Extractor  
  87  6:00  Overseer  
  84  6:06  Drone x4  
  84  6:11  Overlord  
  87  6:14  Roach x4  
  96  6:18  Drone x3  
  95  6:26  Hatchery  
  95  6:29  Roach x5  
  104  6:35  Ravager  
  105  6:41  Centrifical Hooks  
  105  6:44  Overlord  
  105  6:47  Overlord, Spire  
  105  6:51  Overlord  
  104  6:58  Overlord  
  104  6:59  Overlord  
  104  7:01  Queen  
  104  7:02  Baneling x5  
  104  7:03  Overseer  
  104  7:04  Zergling x14  
  113  7:08  Drone  
  113  7:11  Drone x3  
  113  7:14  Drone  
  117  7:18  Drone x5  
  121  7:26  Drone x2  
  123  7:30  Queen  
  123  7:35  Extractor  
  123  7:36  Drone x5  
  125  7:37  Ravager x6  
  125  7:38  Baneling x2  
  125  7:43  Drone x3  
  134  7:53  Zerg Melee Weapons Level 2, Zerg Ground Armor Level 2  
  134  7:56  Overlord  
  134  7:57  Extractor  
  134  7:58  Zergling x16  
  141  8:00  Overlord  
  141  8:02  Overseer  
  141  8:04  Zerg Flyer Weapons Level 1  
  141  8:07  Overlord  
  141  8:08  Drone x2  
  141  8:10  Overlord  
  143  8:16  Overlord  
  143  8:17  Overlord, Spore Crawler  
  143  8:18  Drone x2, Mutalisk  
  143  8:19  Mutalisk x2  
  149  8:25  Zergling x12  
  155  8:35  Zergling x12  
  155  8:38  Pneumatized Carapace  
  155  8:39  Baneling x11  
  155  8:40  Mutalisk  
  163  8:42  Zergling x6  
  166  8:54  Mutalisk x3  
  169  8:56  Zergling x6  
  172  9:05  Mutalisk x2  
  176  9:10  Zergling x14  
  176  9:11  Overlord  
  176  9:15  Baneling x6  
  183  9:24  Hatchery  
  182  9:36  Zergling x8  
  182  9:37  Zergling x20  
  189  9:43  Baneling x11  
  189  9:44  Overlord, Baneling x3  
  184  9:48  Zergling x6  
  184  9:52  Overlord  
  186  9:56  Mutalisk  
  186  9:59  Baneling x9  
  186  10:06  Zergling x8  
  167  10:11  Zergling x20  
  173  10:16  Baneling x10  
  173  10:19  Infestation Pit  
  172  10:22  Mutalisk x4  
  172  10:26  Zergling x2  
  172  10:27  Queen, Zergling x6  
  181  10:36  Zergling x6  
  181  10:39  Zergling x14  
  189  10:50  Zergling x14  
  189  10:51  Baneling x15  
  189  10:56  Hatchery  
  194  10:57  Zergling x10  
  189  11:04  Zergling x4  

Tags
 
Add a new tag
Caveats
  • Supply blocks, unpowered buildings, or Contaminate may cause inaccurate times.
  • Supply counts are checked every 10 seconds.